 Dungeon Crawl Stone Soup version 0.29-a0-284-gf9362112df (webtiles) character file.

Game seed: 16295746013465747319

2601 zazu2006 the Reanimator (level 9, -10/66 (73) HPs)
             Began as a Deep Dwarf Necromancer on Mar 26, 2022.
             Was a Believer of Vehumet.
             Shot with a sling bullet by Joseph (12 damage)
             ... on level 8 of the Dungeon.
             The game lasted 00:23:30 (11072 turns).

zazu2006 the Reanimator (Deep Dwarf Necromancer)   Turns: 11072, Time: 00:23:31

HP:   -10/66 (73)   AC:  4    Str: 13    XL:     9   Next: 33%
MP:   19/19         EV: 13    Int: 19    God:    Vehumet [**....]
Gold: 522           SH:  0    Dex: 13    Spells: 16/21 levels left

rFire   . . .      SeeInvis .   D - +6 short sword
rCold   . . .      Faith    .   (no shield)
rNeg    . . .      Spirit   .   d - +0 leather armour
rPois   .          Reflect  .   (no helmet)
rElec   .          Harm     .   (no cloak)
rCorr   .          Rampage  .   (no gloves)
Will    ++...                   k - +0 pair of boots
Stlth   ++........              (no amulet)
HPRegen 0.00/turn               c - ring of willpower
MPRegen 0.16/turn               (no ring)

@: drained
A: damage resistance, heal wounds, sense surroundings 2, no regeneration
a: Heal Wounds, Renounce Religion


You were on level 8 of the Dungeon.
You worshipped Vehumet.
Vehumet was pleased with you.
You visited 2 branches of the dungeon, and saw 9 of its levels.
You also visited: Ossuary.

You collected 522 gold pieces.

Inventory:

Hand Weapons
 i - a +1 dagger of venom
 w - a +2 short sword of flaming
 D - a +6 short sword (weapon)
Armour
 d - a +0 leather armour (worn)
 k - a +0 pair of boots (worn)
 y - the +1 robe "Desasho" {Rampage Int+4}
   (You found it on level 5 of the Dungeon)

   Int:       It affects your intelligence (+4).
   Rampage:   It bestows one free step when moving towards enemies.
Jewellery
 c - a ring of willpower (left hand)
 e - a ring of positive energy
 n - a ring of ice
 s - an amulet of magic regeneration
 u - a +6 ring of strength
 z - a ring of magical power
Wands
 x - a wand of charming (1)
Scrolls
 a - 2 scrolls of magic mapping
 h - 2 scrolls of blinking
 j - 3 scrolls of enchant weapon
 m - a scroll of summoning
 p - a scroll of enchant armour {unknown}
 q - 2 scrolls of teleportation {unknown}
 r - 3 scrolls of vulnerability
 v - 3 scrolls of identify
 A - 2 scrolls of fear {unknown}
Potions
 b - 2 potions of attraction
 f - a potion of mutation
 g - 3 potions of curing
 l - 3 potions of lignification
 o - 4 potions of haste
 t - 2 potions of heal wounds
 B - 2 potions of resistance {unknown}
 C - a potion of flight {unknown}


   Skills:
 + Level 2.2 Fighting
 + Level 3.3 Armour
 + Level 4.9 Dodging
 + Level 4.1 Stealth
 + Level 6.9 Spellcasting
 + Level 0.1 Conjurations
 + Level 9.2 Necromancy
 * Level 0.4 Fire Magic
 + Level 0.6 Evocations


You had 16 spell levels left.
You knew the following spells:

 Your Spells              Type           Power      Damage    Failure   Level
a - Pain                  Necr           100%       1d9       1%          1
b - Vampiric Draining     Necr           41%        2d8       1%          3
c - Foxfire               Conj/Fire      28%        2x1d5     12%         1

Your spell library contained the following spells:

 Spells                   Type           Power      Damage    Failure   Level
 Scorch                   Fire           16%        2d5       16%         2
 Animate Skeleton         Necr           82%        N/A       1%          1
 Animate Dead             Necr           20%        N/A       3%          4
 Agony                    Necr           41%        N/A       9%          5
 Anguish                  Hex/Necr       12%        N/A       19%         4
 Blink                    Tloc           12%        N/A       21%         2
 Ensorcelled Hibernation  Hex/Ice        12%        N/A       21%         2
 Conjure Flame            Conj/Fire      7%         6-21      34%         3
 Inner Flame              Hex/Fire       7%         N/A       34%         3
 Ignite Poison            Fire/Tmut/Pois 7%         N/A       36%         3
 Spider Form              Tmut/Pois      6%         N/A       36%         3
 Flame Wave               Conj/Fire      7%         2d5       75%         4
 Sticky Flame             Conj/Fire      7%         2d3       75%         4
 Fireball                 Conj/Fire      3%         3d4       97%         5
 Iskenderun's Battlesphe  Conj           7%         2d6       98%         5
 Manifold Assault         Tloc           6%         N/A       98%         5
 Conjure Ball Lightning   Conj/Air       3%         3x3d6     100%        6
 Orb of Destruction       Conj           3%         9d5       100%        7
 Storm Form               Tmut/Air       3%         N/A       100%        7


Dungeon Overview and Level Annotations

Branches:
Dungeon (8/15)             Temple (1/1) D:5         Ossuary (visited)
   Lair: D:8-11

Altars:
Dithmenos
Elyvilon
Fedhas
Gozag
Makhleb
Qazlal
Ru
Sif Muna
Trog
Uskayaw
Vehumet
Yredelemnul
Zin
The Shining One

Shops:
D:3 (

Annotations:
D:4 2 runed translucent doors, marklar909's ghost, amateur PaAK
D:8 Joseph


Innate Abilities, Weirdness & Mutations

You are resistant to damage.
You can heal yourself by infusing magical energy.
You passively map the area around you.
You do not regenerate.


Message History

The foxfire hits the wight.
The wight is heavily damaged.
Casting: Foxfire (safe; 12% risk of failure)
Confirm with . or Enter, or press ? or * to list all spells.
You conjure some foxfire!
You closely miss the wight.
The wight is heavily damaged.
The foxfire hits the wight but does no damage.
The wight is heavily damaged.
The foxfire hits the wight.
The wight is severely damaged.
The wight hits you with a +0 flail!
* * * LOW HITPOINT WARNING * * *
You barely miss the wight.
The wight is severely damaged.
The wight completely misses you.
You hit the wight.
The wight is almost destroyed.
The wight hits you with a +0 flail!
* * * LOW HITPOINT WARNING * * *
You feel drained.
You hit the wight.
The wight is almost destroyed.
The wight hits you with a +0 flail!
* * * LOW HITPOINT WARNING * * *
You feel drained.
You hit the wight.
You destroy the wight!
Vehumet accepts your kill.
You feel your power returning.
Things that are here:
a +0 flail; a +0 robe
There is a stone staircase leading down here.
There is an open door here.
Found a potion of berserk rage.
Joseph, a Mercenary comes into view.
He is wielding a +0 quarterstaff.
Joseph shouts!
Joseph unwields a +0 quarterstaff.
Joseph wields a +0 hunting sling.
Joseph shoots a sling bullet.
The sling bullet hits you!
You die...

#..#.#.#
#############
#..#.#.# #.....@.#
##.#.#.# #.......#
##...#.# #.......#
###..#.# #.......#
###..#'### #....!..#
....(....# #.......#
.........####.......#
[........#......@####
.........#.......#
.........#.......#
.........#.......# *
* ......>).#.......#
, ,
######...'.......# *
* ** # #.###.......#,
, # #.# #.......# #
#.# #.......#, , , ,,


You could see Joseph.

Vanquished Creatures
  A water moccasin (D:5)
  An orc warrior (D:7)
  A sky beast (D:5)
  2 black bears
  3 ogres
  A kobold brigand (D:6)
  2 bullfrogs (D:7)
  A necrophage (D:4)
  7 scorpions
  2 wights
  A howler monkey (D:6)
  6 jellies
  An orc priest (D:8)
  A gnoll shaman (D:7)
  3 hounds
  Ijyb (D:3)
  5 iguanas
  8 orc wizards
  A mummy (Ossuary)
  Robin (D:2)
  6 gnolls
  6 adders
  2 ufetubi (D:6)
  A worm zombie (D:4)
  3 worms
  4 dart slugs
  30 orcs
  5 spectral bats (Ossuary)
  5 ball pythons
  6 endoplasms
  3 giant cockroaches
  12 gnoll zombies (Ossuary)
  16 goblins
  9 hobgoblins
  4 jackals
  28 kobolds
  4 quokkas
  5 bats
  5 bat simulacra (Ossuary)
  3 frilled lizards (D:2)
  4 goblin simulacra (Ossuary)
  7 goblin zombies (Ossuary)
  3 hobgoblin zombies (Ossuary)
  4 kobold simulacra (Ossuary)
  2 kobold zombies (Ossuary)
  6 orc zombies (Ossuary)
  3 rats
  A rat simulacrum (Ossuary)
  4 spectral goblins (Ossuary)
  A spectral kobold (Ossuary)
  A spectral rat (Ossuary)
242 creatures vanquished.

Vanquished Creatures (others)
  16 foxfires
  25 plants
41 creatures vanquished.

Grand Total: 283 creatures vanquished

Notes
Turn   | Place    | Note
-------+----------+-------------------------------------------
     0 | D:1      | zazu2006 the Deep Dwarf Necromancer began the quest for the
                  | Orb.
     0 | D:1      | Reached XP level 1. HP: 15/15 MP: 3/3
   319 | D:1      | Reached XP level 2. HP: 22/22 MP: 0/4
   904 | D:1      | Reached skill level 5 in Necromancy
  1316 | D:2      | Reached XP level 3. HP: 24/28 MP: 4/6
  1320 | D:2      | Learned a level 3 spell: Vampiric Draining
  1869 | D:2      | Noticed Robin
  1879 | D:2      | Killed Robin
  1882 | D:2      | Reached XP level 4. HP: 22/36 MP: 3/8
  2234 | D:2      | Found a faded altar of an unknown god.
  2319 | D:2      | Found a glowing golden altar of the Shining One.
  2853 | D:3      | Noticed Ijyb
  2883 | D:3      | Killed Ijyb
  2884 | D:3      | Reached XP level 5. HP: 29/42 MP: 9/9
  3149 | D:3      | Found Veme's Antique Weapon Shop.
  3378 | D:3      | Noticed a black bear
  3387 | D:3      | Killed a black bear
  3586 | D:4      | Noticed an ogre
  3590 | D:4      | HP: 2/43 [ogre/+0 giant club (23)]
  3592 | D:4      | Killed an ogre
  3593 | D:4      | Reached skill level 1 in Armour
  3593 | D:4      | Reached skill level 6 in Necromancy
  3593 | D:4      | Reached XP level 6. HP: 8/50 MP: 1/11
  3880 | D:4      | Found a runed translucent door.
  3885 | D:4      | Noticed marklar909's ghost (amateur PaAK)
  3949 | D:4      | Reached skill level 1 in Fighting
  3957 | D:4      | Found a sand-covered staircase.
  3975 | Ossuary  | Entered an ossuary
  4649 | Ossuary  | Learned a level 1 spell: Foxfire
  4853 | D:4      | Reached XP level 7. HP: 12/49 MP: 3/13
  5933 | D:4      | Found a runed translucent door.
  5947 | D:5      | Entered Level 5 of the Dungeon
  6093 | D:5      | Identified the +1 robe "Desasho" {Rampage Int+4}
  6576 | D:5      | Reached skill level 7 in Necromancy
  6882 | D:5      | Reached skill level 5 in Spellcasting
  6882 | D:5      | Reached XP level 8. HP: 46/64 MP: 8/15
  7157 | D:5      | Found a staircase to the Ecumenical Temple.
  7171 | Temple   | Entered the Ecumenical Temple
  7251 | Temple   | Became a worshipper of Vehumet
  7747 | D:6      | Found a bloodstained altar of Trog.
  7960 | D:6      | Reached skill level 8 in Necromancy
  8046 | D:6      | Reached * piety under Vehumet
  8046 | D:6      | Offered knowledge of Shock by Vehumet.
  9052 | D:7      | Found a stormy altar of Qazlal.
  9225 | D:7      | Gained mutation: You passively map the area around you.
                  | [Deep Dwarf growth]
  9225 | D:7      | Reached XP level 9. HP: 62/73 MP: 14/18
  9882 | D:7      | Found a blossoming altar of Fedhas.
 10002 | D:7      | Reached skill level 9 in Necromancy
 10227 | D:8      | Reached ** piety under Vehumet
 10227 | D:8      | Offered knowledge of Scorch by Vehumet.
 10710 | D:8      | Noticed a two-headed ogre
 11057 | D:8      | HP: 2/66 [wight/+0 flail (8)]
 11070 | D:8      | Noticed Joseph
 11072 | D:8      | Shot with a sling bullet by Joseph

Illustrated notes

Levels and vault maps discovered:
D:1:      eino_arrival_druids_welcome, layout_basic, serial_glass,
          glass_columns_a, glass_columns_b
D:2:      layout_basic, basic_altar, chequers_ecumenical_altar_grove, uniq_robin
D:3:      layout_loops_ring, serial_shops, nicolae_shop_overgrown_old_shop,
          uniq_ijyb
D:4:      layout_loops_ring, ebering_ghost_sewer_f, enter_ossuary_3
D:5:      layout_basic, minmay_temple_entry_enclosed_plants,
          minmay_misc_feat_four_crosses
D:6:      kennysheep_kobold_camp, layout_gridville, trog_three_pillars_becter
D:7:      layout_basic, fedhas_altar_fruit_tree, grunt_qazlal_sundering
D:8:      layout_basic, kennysheep_small_spiral, uniq_joseph
Temple:   regret_index_temple_waves

Skill      XL: |  1  2  3  4  5  6  7  8  9 |
---------------+----------------------------+-----
Spellcasting   | 2 3 4 5 6 |  6.9
Necromancy     | 5 6 7 8 9 |  9.2
Stealth        | 3 4 |  4.1
Armour         | 1 2 3 |  3.3
Fighting       | 1 2 |  2.2
Dodging        | 3 4 |  4.9
Conjurations   | |  0.1
Fire Magic     | |  0.4
Evocations     | |  0.6

Action                   |  1- 3 |  4- 6 |  7- 9 || total
-------------------------+-------+-------+-------++-------
Melee: Unarmed           |     2 |       |       ||     2
       Dagger            |    13 |   280 |    42 ||   335
       Punch             |       |     6 |     4 ||    10
       Short sword       |       |       |   198 ||   198
 Cast: Pain              |    70 |    32 |     7 ||   109
       Vampiric Draining |       |    23 |   118 ||   141
       Foxfire           |       |     6 |     5 ||    11
Evoke: Wand              |       |    16 |       ||    16
  Use: Potion            |       |     3 |     4 ||     7
       Scroll            |       |     5 |     4 ||     9
 Stab: Sleeping          |       |    13 |     1 ||    14
Armor: Robe              |     1 |       |       ||     1
       Leather armour    |     3 |    85 |    56 ||   144
       Skin              |       |    19 |    25 ||    44
Dodge: Dodged            |    12 |   181 |   178 ||   371

Table legend: (Time is in decaauts)
 A = Elapsed time spent in this place.
 B = Non-inter-level travel time spent in this place.
 C = Inter-level travel time spent in this place.
 D = Time resting spent in this place.
 E = Time spent auto-exploring this place.
 F = Levels seen in this place.
 G = Mean time per level.
                   A        B        C        D        E       F      G
               +--------+--------+--------+--------+--------+-----+--------+
         Total |  11102 |  10852 |    250 |    513 |   8218 |  10 | 1110.2 |
       Dungeon |  10147 |   9930 |    217 |    389 |   7970 |   8 | 1268.4 |
        Temple |    113 |     80 |     33 |      0 |     70 |   1 |  113.0 |
       Ossuary |    841 |    841 |      0 |    124 |    178 |   1 |  841.0 |
               +--------+--------+--------+--------+--------+-----+--------+

Top non-repeatable levels by time:
     D:4: 1534 daAuts
     D:7: 1495 daAuts
     D:5: 1386 daAuts
     D:6: 1356 daAuts
     D:2: 1333 daAuts
     D:1: 1311 daAuts
     D:3: 924 daAuts
 Ossuary: 841 daAuts
     D:8: 804 daAuts
  Temple: 113 daAuts
